 Dungeon Crawl Stone Soup version 0.26-a0-663-g36e8fdb655 (webtiles) character file.

Game seed: 7406484002984678329

310 looop the Chiller (level 6, 0/41 HPs)
             Began as a Demonspawn Ice Elementalist on Oct 10, 2020.
             Killed from afar by a white imp (7 damage)
             ... with a puff of frost
             ... on level 5 of the Dungeon.
             The game lasted 00:05:42 (4913 turns).

looop the Chiller (Demonspawn Ice Elementalist)     Turns: 4913, Time: 00:05:42

Health: 0/41       AC:  3    Str:  9    XL:     6   Next: 17%
Magic:  20/20      EV: 12    Int: 18    God:
Gold:   215        SH:  0    Dex: 13    Spells: 5/12 levels left

rFire    . . .     SeeInvis .   a - +4 dagger
rCold    . . .     Faith    .   (no shield)
rNeg     . . .     Spirit   .   g - +0 robe
rPois    .         Reflect  .   (helmet restricted)
rElec    .         Harm     .   l - +0 cloak
rCorr    .         Rampage  .   (no gloves)
MR       .....                  (no boots)
Stlth    ++........             f - amulet of magic regeneration
HPRegen  0.13/turn              p - ring of magical power
MPRegen  0.42/turn              (no ring)

@: no status effects
A: horns 1, powered by pain 2
a: no special abilities


You were on level 5 of the Dungeon.
You visited 1 branch of the dungeon, and saw 5 of its levels.

You collected 215 gold pieces.

Inventory:

Hand Weapons
 a - a +4 dagger (weapon)
Missiles
 u - a throwing net (quivered)
Armour
 g - a +0 robe (worn)
 l - a +0 cloak (worn)
Jewellery
 f - an amulet of magic regeneration (around neck)
 p - a ring of magical power (left hand)
Wands
 t - a wand of polymorph (10)
Scrolls
 c - a scroll of blinking
 e - 2 scrolls of identify
 j - 2 scrolls of teleportation
 m - a scroll of magic mapping
 q - 2 scrolls of enchant weapon
Potions
 b - a potion of brilliance {unknown}
 d - 2 potions of heal wounds {unknown}
 h - a potion of magic {unknown}
 i - 4 potions of stabbing {unknown}
 k - a potion of resistance {unknown}
 n - 2 potions of degeneration {unknown}
 o - a potion of flight {unknown}
 s - 4 potions of curing {unknown}
 v - a potion of haste {unknown}


   Skills:
 - Level 1.7 Dodging
 - Level 1.7 Stealth
 + Level 3.7 Spellcasting
 * Level 6.0 Ice Magic


You had 5 spell levels left.
You knew the following spells:

 Your Spells              Type           Power        Failure   Level
a - Freeze                Ice            ####         1%          1
b - Frozen Ramparts       Ice            ####..       3%          3
c - Ozocubu's Armour      Ice            ####....     3%          3

Your spell library contained the following spells:

 Spells                   Type           Power        Failure   Level
 Hailstorm                Conj/Ice       ##......     41%         4
 Summon Ice Beast         Ice/Summ       ##......     41%         4


Dungeon Overview and Level Annotations

Branches:
Dungeon (5/15)
 Temple: D:4-7

Altars:
Ashenzari
Makhleb
Wu Jian
Yredelemnul


Innate Abilities, Weirdness & Mutations

You have a pair of small horns on your head.
You sometimes gain power by taking damage.


Message History

You closely miss the white imp. You barely miss the white imp.
The white imp gestures at you. The puff of frost hits you!
You closely miss the white imp. Your headbutt misses the white imp.
The worker ant zombie bites you. The white imp gestures at you.
The puff of frost misses you.
You hit the white imp.
The white imp is moderately wounded.
The worker ant zombie bites you. The white imp hits you.
* * * LOW HITPOINT WARNING * * *
The white imp freezes you.
* * * LOW HITPOINT WARNING * * *
You barely miss the white imp.
The white imp is moderately wounded.
The worker ant zombie barely misses you.
The white imp gestures at you. The puff of frost hits you!
You die...

#......#
#......#
#......#
#......#
#......#
#......#
+..Z5..+
#...@..#
#......#
#..<...#
#......#
+......#
#......#
#......#
#>.....#
########


You could see a white imp and a worker ant zombie.

Vanquished Creatures
  An ogre (D:2)
  A hound (D:4)
  A bullfrog skeleton (D:4)
  A worker ant (D:4)
  7 adders
  An ooze (D:1)
  2 worms (D:2)
  2 dart slugs (D:1)
  8 orcs
  2 ball pythons (D:2)
  2 giant cockroaches
  2 gnoll zombies (D:3)
  2 goblins
  7 hobgoblins
  9 jackals
  5 bats
  2 frilled lizards (D:4)
  A jackal skeleton (D:4)
  5 kobolds
  7 rats
68 creatures vanquished.

Notes
Turn   | Place    | Note
-------+----------+-------------------------------------------
     0 | D:1      | looop the Demonspawn Ice Elementalist began the quest for
                  | the Orb.
     0 | D:1      | Reached XP level 1. HP: 13/13 MP: 3/3
   618 | D:1      | Gained mutation: You have a pair of small horns on your
                  | head. [demonic ancestry]
   618 | D:1      | Reached XP level 2. HP: 15/19 MP: 0/5
   690 | D:1      | Reached skill level 4 in Ice Magic
  1398 | D:2      | Reached XP level 3. HP: 13/24 MP: 3/6
  1817 | D:2      | Learned a level 3 spell: Frozen Ramparts
  2210 | D:2      | Found a burning altar of Makhleb.
  2210 | D:2      | Noticed an Executioner
  2213 | D:2      | Noticed an orange demon
  2213 | D:2      | Noticed a smoke demon
  2293 | D:2      | Noticed an ogre
  2314 | D:2      | Killed an ogre
  2314 | D:2      | Reached skill level 5 in Ice Magic
  2314 | D:2      | Reached XP level 4. HP: 28/30 MP: 3/8
  2414 | D:2      | Gained mutation: You sometimes gain a little power by
                  | taking damage. [demonic ancestry]
  2414 | D:2      | Reached XP level 5. HP: 35/35 MP: 9/9
  2484 | D:2      | Learned a level 3 spell: Ozocubu's Armour
  2615 | D:2      | Found an ornate altar of the Wu Jian Council.
  2891 | D:3      | Found a broken altar of Ashenzari.
  3468 | D:3      | Found a basalt altar of Yredelemnul.
  4391 | D:4      | Gained mutation: You sometimes gain power by taking damage.
                  | [demonic ancestry]
  4391 | D:4      | Reached XP level 6. HP: 38/41 MP: 11/11
  4702 | D:4      | Reached skill level 6 in Ice Magic
  4905 | D:5      | Entered Level 5 of the Dungeon
  4913 | D:5      | Killed from afar by a white imp

Illustrated notes

Levels and vault maps discovered:
D:1:      minmay_arrival_five_plusses, layout_loops_ring
D:2:      layout_basic, nicolae_overflow_hidden_temple,
          makhleb_altar_promises_db
D:3:      layout_loops_ring, ashenzari_altar_1, lemuel_zombie_altar_yredelemnul
D:4:      layout_cave_pools
D:5:      layout_gridville, grunt_temple_overflow_open

Skill      XL: |  1  2  3  4  5  6 |
---------------+-------------------+-----
Ice Magic      | 4 5 6 |  6.0
Spellcasting   | 3 |  3.7
Dodging        | |  1.7
Stealth        | |  1.7

Action                   |  1- 3 |  4- 6 || total
-------------------------+-------+-------++-------
Melee: Whip              |    30 |       ||    30
       Dagger            |    20 |   134 ||   154
       Headbutt          |     8 |     9 ||    17
 Cast: Freeze            |    23 |     1 ||    24
       Frozen Ramparts   |     2 |     3 ||     5
  Use: Scroll            |       |     8 ||     8
 Stab: Sleeping          |     2 |     2 ||     4
Armor: Robe              |    10 |    15 ||    25
Dodge: Dodged            |    50 |    76 ||   126

Table legend: (Time is in decaauts)
 A = Elapsed time spent in this place.
 B = Non-inter-level travel time spent in this place.
 C = Inter-level travel time spent in this place.
 D = Time resting spent in this place.
 E = Time spent auto-exploring this place.
 F = Levels seen in this place.
 G = Mean time per level.
                   A        B        C        D        E       F      G
               +--------+--------+--------+--------+--------+-----+--------+
         Total |   4912 |   4697 |    215 |    592 |   3471 |   5 |  982.4 |
       Dungeon |   4912 |   4697 |    215 |    592 |   3471 |   5 |  982.4 |
               +--------+--------+--------+--------+--------+-----+--------+

Top non-repeatable levels by time:
     D:2: 1410 daAuts
     D:3: 1314 daAuts
     D:1: 1279 daAuts
     D:4: 900 daAuts
     D:5: 7 daAuts
